 Dungeon Crawl Stone Soup version 0.13-a0-1585-g6f4f798 (webtiles) character file.

66 Kae the Chiller (level 2, -3/19 HPs)
             Began as a Demonspawn Ice Elementalist on June 12, 2013.
             Slain by a gnoll
             ... wielding a cursed -3,-1 spear
              (5 damage)
             ... while paralysed by a potion of paralysis
             ... on Level 1 of the Dungeon.
             The game lasted 00:01:19 (642 turns).

Kae the Chiller (Demonspawn Ice Elementalist)        Turns: 642, Time: 00:01:19

HP  -3/19        AC  2     Str  8      XL: 2   Next: 41%
MP   1/4         EV  2     Int 16      God:
Gold 50          SH  0     Dex 13      Spells:  1 memorised,  2 levels left

Res.Fire  : . . .   See Invis. : .   (no weapon)
Res.Cold  : . . .   Warding    : .   a - +0 robe
Life Prot.: . . .   Conserve   : .   (no shield)
Res.Poison: .       Res.Corr.  : .   (no helmet)
Res.Elec. : .       Clarity    : .   (no cloak)
Sust.Abil.: . .     Spirit.Shd : .   (no gloves)
Res.Mut.  : .       Stasis     : .   (no boots)
Res.Rott. : .       Flight     : .   (no amulet)
Saprovore : . . .                    (no ring)
                                     (no ring)

@: paralysed, not resistant to hostile enchantments, fairly stealthy
A: claws 1
a: no special abilities


You were on level 1 of the Dungeon.
You were not hungry.

You visited 1 branch of the dungeon, and saw 1 of its levels.

You collected 30 gold pieces.

Inventory:

Armour
 a - a +0 robe (worn)
Comestibles
 c - a bread ration
Scrolls
 d - 2 scrolls of enchant armour {unknown}
 f - a scroll of identify {unknown}
 g - 2 scrolls of fear {unknown}
 h - 3 scrolls of remove curse {unknown}
 j - a scroll of curse armour {unknown}
Jewellery
 l - a +4 ring of strength {unknown}
Potions
 e - a potion of confusion
 i - a potion of curing
 k - a potion of paralysis
 m - a potion of resistance {unknown}
Books
 b - a book of Frost

   Spells                             Type                      Level
   *Freeze                            Ice                          1
   Throw Frost                        Conjuration/Ice              2
   Ozocubu's Armour                   Charms/Ice                   3
   Throw Icicle                       Conjuration/Ice              4
   Summon Ice Beast                   Ice/Summoning                4
   Condensation Shield                Ice                          4


   Skills:
 + Level 0.4 Fighting
 - Level 1.7 Dodging
 - Level 1.7 Stealth
 + Level 1.2 Spellcasting
   Level 1.0 Conjurations
 * Level 3.2 Ice Magic


You had 2 spell levels left.
You knew the following spells:

 Your Spells              Type           Power        Failure   Level  Hunger
a - Freeze                Ice            ##..         8%          1    ##.....


Dungeon Overview and Level Annotations

Branches:
Dungeon (1/27)

Altars:


Innate Abilities, Weirdness & Mutations

You have sharp fingernails.


Message History

The gnoll is heavily wounded.
The gnoll closely misses you.
You hit the gnoll but do no damage.
The gnoll is heavily wounded.
The gnoll hits you with a spear.
* * * LOW HITPOINT WARNING * * *
You barely miss the gnoll.
The gnoll is heavily wounded.
The gnoll hits you but does no damage.
Drink which item? (? for menu, Esc to quit)
You are confused.
It was a potion of confusion.
The gnoll closely misses you.
Drink which item? (? for menu, Esc to quit)
You feel better.
It was a potion of curing.
The gnoll closely misses you.
Drink which item? (? for menu, Esc to quit)
You suddenly lose the ability to move!
It was a potion of paralysis.
The gnoll hits you with a spear!
* * * LOW HITPOINT WARNING * * *
The gnoll hits you with a spear.
You die...

###..#######.####........# ....##
#.# ##.####### ##### ###.# #.#
#...#####.########
#######.....%...........
#....##...#####.........
#....##...# #........
#....##########....####
#............@g.....#######
#....##########.#####.....#
#....# ##### #.###..##'##..#
#....# #...# #.##.###...###.#
######.## #...# #.#.## #...# .
.......####...# #.# ##'##
..............# ##.# #...#
..#########...# #.#####...#####
###########..)#####.#≈≈.#...#.≈≈#


You could see a gnoll.

Vanquished Creatures
  2 bats (D:1)
  A giant cockroach (D:1)
  5 hobgoblins (D:1)
  A jackal (D:1)
  A giant newt (D:1)
  3 kobolds (D:1)
  3 rats (D:1)
16 creatures vanquished.

Notes
Turn   | Place    | Note
--------------------------------------------------------------
     0 | D:1      | Kae, the Demonspawn Ice Elementalist, began the quest for the Orb.
     0 | D:1      | Reached XP level 1. HP: 13/13 MP: 3/3
   258 | D:1      | Reached skill level 3 in Ice Magic
   307 | D:1      | Gained mutation: You have sharp fingernails. [demonic ancestry]
   307 | D:1      | Reached XP level 2. HP: 14/19 MP: 0/4
   641 | D:1      | Paralysed by a potion of paralysis for 7 turns
   642 | D:1      | Slain by a gnoll

Action                   || total
-------------------------++-------
Melee: Unarmed           ||    34
 Cast: Freeze            ||    21
  Use: Potion            ||     3
